← All builds
Tech / Armada / Economy first / OBSERVED BUILD

Standard tech

Armada Tech (Eco) build order · Supreme Isthmus

Rushes T2 by 4:15, gets Advanced Metal Extractor around 5:28, hands off T2 constructors to Geo and the team, then scales eco and supplies the team's T2 needs through the rest of the game.

Usually first T2 con to Geo (83%)

#eco #t2 #team support · 1591 distinct matches · 254 players · 60% of Armada Tech games · team won 53% of 1901 · Recently observed

HOW TO PLAY IT

Key timing: T2 factory by 4:15

  1. Open 3 mex and heavy wind to fund a fast T2 rush.
  2. Put down Bot Lab, planning to eat it for reclaim soon after.
  3. Get Advanced Bot Lab up, hitting the T2 factory rush timing.
  4. Upgrade mex to Advanced Metal Extractor to lock in team metal income.
  5. Eat Advanced Bot Lab and keep sending cons to Geo and Pond.

Phase by phase

TYPICAL OF ITS 1591 GAMES
  1. 1
  2. 2
  3. 3
  4. 4
PLAY THE OPENING

Follow the example game's first 6:00 step by step: what to build now, what comes next, and where it goes. At 1× it keeps pace with your own game.

  1. 1

    Up to the Bot Lab

    Economy
    • Metal Extractor3Mex
    • Wind Turbine4Wind
    Order
    1. Bot LabBot Lab after 3 mex, 4 winddone ~1:18, middle half 1:13–1:32

    Some games also: energy storage (31%)

    By 1:01 in all: 3 mex · 4 wind

    The example game in this phase · 3 steps
    1. Mex ×3
    2. Wind ×3
    3. Bot LabBot Labdone 1:09 · typical 1:18
  2. 2

    Bot Lab to Advanced Bot Lab

    Economy
    • Metal Extractor1Mex
    • Wind Turbine8Wind
    • Energy Storage1Energy storage
    Order
    1. Advanced Bot LabAdvanced Bot Lab after 4 mex, 12 wind, 3 con turretdone ~4:16, middle half 4:04–4:30
    Builders
    • Construction Turret3 Con turret
    • Lazarus3 Lazarus
    • Construction Bot2 Con bot
    • Construction Bot1 Con bot for allies

    Some games also: converter (36%)

    By 3:18 in all: 4 mex · 12 wind · 1 energy storage · 3 con turret

    The example game in this phase · 10 steps
    1. LazarusLazarus ×3
    2. Construction BotCon bot ×3
    3. Wind ×2
    4. Con turret
    5. Wind
    6. Mex
    7. Con turret
    8. Wind ×2
    9. Energy storage
    10. Advanced Bot LabAdvanced Bot Labdone 3:54 · typical 4:16
  3. 3

    Advanced Bot Lab to 5:00

    Economy
    • Wind Turbine3Wind
    Order
    1. Bot LabEat Bot Lab
    Builders
    • Advanced Construction Bot1 T2 con bot for allies

    Some games also: converter (35%)

    By 5:00 in all: 4 mex · 15 wind · 1 converter · 1 energy storage · 3 con turret

    The example game in this phase · 5 steps
    1. Bot LabEat Bot Labreclaimed for its metal
    2. Advanced Construction BotT2 con botfor Geo
    3. Advanced Metal ExtractorT2 mexdone 4:32 · typical 5:28
    4. FatboyFatboyfor Ponddone 4:55
    5. Advanced Metal ExtractorT2 mex
  4. 4

    5:00 to 10:00

    Economy
    • Wind Turbine43Wind
    • Energy Converter6Converter
    Builders
    • Butler9 Butler
    • Advanced Construction Bot4 T2 con bot for allies
    • Advanced Construction Bot1 T2 con bot

    Some games also: con turret (43%) · Butler for allies (37%)

    By 10:00 in all: 4 mex · 58 wind · 8 converter · 1 energy storage · 3 con turret

    The example game in this phase · 269 steps
    1. Advanced Construction BotT2 con botfor Air
    2. Advanced Metal ExtractorT2 mex
    3. Advanced Construction BotT2 con botfor Geo sea
    4. Wind ×2
    5. ButlerButler
    6. Wind
    7. Advanced Metal ExtractorT2 mex
    8. ButlerButler ×2
    9. Wind
    10. Advanced Construction BotT2 con botfor Pond
    11. Wind ×2
    12. ButlerButler
    13. Wind
    14. ButlerButler
    15. Wind ×3
    16. ButlerButler
    17. Wind
    18. Advanced Construction BotT2 con botfor Beach sea
    19. Wind ×8
    20. ButlerButler
    21. Wind ×3
    22. ButlerButler
    23. Wind ×4
    24. ButlerButler
    25. Wind ×3
    26. ButlerButler
    27. Wind ×4
    28. ButlerButler
    29. Wind ×3
    30. ButlerButler
    31. Wind ×2
    32. Converter
    33. Wind
    34. ButlerButler
    35. Wind ×3
    36. Converter
    37. Wind
    38. ButlerButler
    39. Wind ×4
    40. Converter
    41. ButlerButler
    42. Wind ×5
    43. Converter
    44. ButlerButler
    45. Wind ×3
    46. Converter
    47. ButlerButler
    48. Wind ×4
    49. Converter
    50. Wind
    51. ButlerButler
    52. Converter
    53. Wind ×5
    54. ButlerButler
    55. Converter
    56. Wind ×3
    57. Converter
    58. ButlerButler
    59. Wind ×3
    60. Converter
    61. Wind
    62. ButlerButler
    63. Wind ×2
    64. Converter
    65. Wind
    66. ButlerButler
    67. Wind ×2
    68. Converter
    69. Wind ×3
    70. ButlerButler
    71. Wind
    72. Converter
    73. Wind
    74. ButlerButler
    75. Wind ×3
    76. Converter
    77. Wind
    78. Converter
    79. Wind
    80. ButlerButler
    81. Converter ×2
    82. Wind ×3
    83. ButlerButler
    84. Wind
    85. Converter
    86. Wind ×2
    87. Converter
    88. Wind
    89. ButlerButler
    90. Wind ×2
    91. Converter
    92. Wind ×2
    93. Converter
    94. Wind ×3
    95. ButlerButler
    96. Converter
    97. Wind ×2
    98. Converter
    99. Wind ×3
    100. ButlerButler
    101. Converter
    102. Wind
    103. Converter
    104. Wind ×4
    105. Converter
    106. ButlerButler
    107. Converter
    108. Wind ×2
    109. Converter
    110. Wind
    111. ButlerButler
    112. Converter
    113. Wind
    114. Converter
    115. Wind
    116. ButlerButler
    117. Wind
    118. Converter
    119. Wind ×2
    120. Converter ×2
    121. Wind
    122. ButlerButler
    123. Converter
    124. Wind ×2
    125. Converter ×2
    126. ButlerButler
    127. Converter
    128. Wind ×4
    129. Converter
    130. Wind
    131. Converter
    132. ButlerButler
    133. Wind
    134. Converter
    135. Wind ×3
    136. Converter ×2
    137. ButlerButler
    138. Wind ×5
    139. Converter ×3
    140. Advanced Construction BotT2 con bot
    141. Wind ×5
    142. Converter ×3
    143. Wind ×6
    144. Converter
    145. Wind
    146. Converter ×2
    147. Wind ×7
    148. Converter
    149. Wind
    150. Converter
    151. Wind
    152. Converter
    153. Wind ×10
    154. Converter
    155. Fusion ReactorFusiondone 12:43
    156. Converter ×2
    157. Wind ×10
    158. Converter ×2
    159. Wind ×5
    160. Converter
    161. Wind ×2
    162. Converter
    163. Wind ×4
    164. Converter ×2
    165. Wind
    166. Converter
    167. Wind ×2
    168. Converter
    169. Wind
    170. Converter
    171. Wind
    172. Converter
    173. Wind ×3
    174. Advanced Bot LabEat Advanced Bot Labreclaimed for its metal
    175. Energy storage
    176. Wind ×2
    177. Converter ×2
    178. Wind
    179. Converter
    180. Wind ×6
    181. Converter
    182. Wind
    183. Converter ×2
    184. Wind ×4
    185. Advanced Fusion ReactorAdvanced Fusion Reactordone 14:44
    186. Converter
    187. Wind ×2
    188. Converter
    189. Wind
    190. Converter
    191. Wind ×4
    192. Converter
    193. Wind
    194. Converter
    195. Wind ×3
    196. Converter
    197. Wind ×3
    198. Converter
    199. Wind
    200. Converter
    201. Wind ×3
    202. Converter
    203. Wind ×5
    204. Converter ×2
    205. Wind
    206. Converter
    207. Wind ×4
    208. Converter
    209. Wind
    210. Converter
    211. Wind ×2
    212. Converter
    213. Wind ×4
    214. Converter ×2
    215. Wind ×2
    216. Converter
    217. Wind ×6
    218. Converter ×3
    219. Wind ×4
    220. Converter
    221. Wind
    222. Converter
    223. Wind
    224. Converter
    225. Wind ×4
    226. Converter ×2
    227. Wind
    228. Converter
    229. Wind ×4
    230. Converter
    231. Wind
    232. Converter ×2
    233. Wind ×4
    234. Converter ×2
    235. Wind
    236. Converter
    237. Wind ×6
    238. Converter ×3
    239. Wind ×7
    240. Converter
    241. Wind
    242. Converter ×2
    243. Wind ×4
    244. Converter
    245. Wind ×2
    246. Converter ×2
    247. Wind ×4
    248. Converter
    249. Wind ×2
    250. Converter ×2
    251. Wind ×6
    252. Converter ×3
    253. Wind ×5
    254. Converter
    255. Wind ×3
    256. Converter ×2
    257. Con turret
    258. Wind ×4
    259. Converter ×2
    260. Wind
    261. Converter
    262. Wind ×3
    263. Con turret
    264. Wind ×2
    265. Converter
    266. Wind ×4
    267. Converter ×3
    268. Con turret
    269. Wind ×3

Counts are medians over the build's games: half of them build more, half fewer. The example game is DonGarillo's (31 OS, 13/10/2026); pick another.

Team trades

IN AT LEAST 30% OF ITS GAMES

You hand over

  • Construction Bot1 Con bot to Airfirst at 2:23 · in 84% of games
  • Advanced Construction Bot5 T2 con bot to Air or Pond or Geo seafirst at 4:50 · in 99% of games
  • Butler2 Butler to Geo sea or Beach sea or Pondfirst at 9:06 · in 42% of games

You get

  • Hercules1 Light transport from Airfirst at 4:01 · in 86% of games

How it plays out

Typical game of this build, running totals by minute

Metal produced

020k40k
0:005:0010:0015:00

metal

Enemy metal destroyed

050100150
0:005:0010:0015:00

metal

Own metal lost

050100150
0:005:0010:0015:00

metal

1901 games.

Show as table
ByMetal produced: This buildEnemy metal destroyed: This buildOwn metal lost: This build
1:0038300
2:0091500
3:00165200
4:00314400
5:00484800
6:00580200
7:00723000
8:00906500
9:001117900
10:001352400
11:001624200
12:001965200
13:002342800
14:0027285074
15:0031507115130
WHAT THE NUMBERS SAY

Standard Tech play barely fights at all early, instead pouring metal into T2 infrastructure and constructors for the team.

  • + Metal produced hits 31679 by 15:00, by far the highest of any role here.
  • + T2 factory reached in 97% of games by 4:15, fastest and most reliable T2 timing.
  • − Enemy metal destroyed stays at 0 through 10:00, no early offense at all.
  • − Own metal lost also near 0, showing total avoidance of combat risk.
THE EXAMPLE YOU ARE READING

DonGarillo

31.3 OS · 13/10/2026

Open source match ↗

3 received units
3064 metal received · 133656 energy received

Allied construction assistance is unknown. Timings are observations, not a promise of solo reproducibility.

Typical milestones

Bot Lab1:18Middle 50%: 1:13–1:32 · n=1901
Advanced Bot Lab4:16Middle 50%: 4:04–4:30 · n=1894
Advanced Metal Extractor5:28Middle 50%: 5:05–5:59 · n=1897

Played most by

Amrissa97games of this buildTheGeneraI70games of this buildAdeus57games of this buildEl_Turco55games of this buildKOT_45games of this build